 Dungeon Sprint DCSS version 0.20.1-1-g8b1a95d (webtiles) character file.

5400000 JustSomeDude the Axe Maniac (level 27, -33/249 HPs)
             Began as a Demonspawn Gladiator on Aug 30, 2017.
             Was the Champion of Makhleb.
             Annihilated by a sculptor of flesh
             ... wielding a +9 great sword
              (237 damage)
             ... in the Dungeon (Sprint VIII: "Arena of Blood").
             The game lasted 00:02:37 (54 turns).

JustSomeDude the Axe Maniac (Demonspawn Gladiator)    Turns: 54, Time: 00:02:38

Health: -33/249    AC: 10    Str: 25    XL:     27
Magic:  26/54      EV: 32    Int: 11    God:    Makhleb [******]
Gold:   0          SH:  0    Dex: 16    Spells: 80/80 levels left

rFire    . . .     SeeInvis +   l - +∞ Axe of Woe
rCold    + . .     Gourm    .   (shield currently unavailable)
rNeg     + . .     Faith    .   b - +0 leather armour
rPois    +         Spirit   .   (helmet unavailable)
rElec    .         Reflect  .   (no cloak)
rCorr    .         Harm     .   (no gloves)
MR       ++...     NoTele   +   (no boots)
Stlth    +++++++++.             (no amulet)
Regen    0.6/turn               n - +30 ring of slaying
MPRegen  0.4/turn               m - +30 ring of slaying

@: very slightly contaminated
A: antennae 3, slimy green scales 3, cold resistance 1, icemail, negative energy
resistance 1, spiny 3, 50% torment resistance, black mark, freezing cloud
immunity
a: Minor Destruction, Lesser Servant of Makhleb, Major Destruction, Greater
Servant of Makhleb, Renounce Religion


You were in the Dungeon.
You worshipped Makhleb.
Makhleb was exalted by your worship.
You were not hungry.

You visited 1 branch

Inventory:

Hand Weapons
 a - a +0 war axe
 l - the +∞ Axe of Woe (weapon)
   (You found it in the Dungeon)
Missiles
 d - 3 throwing nets (quivered)
Armour
 b - a +0 leather armour (worn)
 c - a +0 helmet
Jewellery
 m - a +30 ring of slaying (right hand)
 n - a +30 ring of slaying (left hand)
Potions
 e - a potion of curing
 h - a potion of haste
 i - 2 potions of magic
 j - a potion of berserk rage
Comestibles
 f - a bread ration


   Skills:
 O Level 27 Fighting
 O Level 27 Axes
 O Level 27 Throwing
 O Level 27 Armour
 O Level 27 Dodging
 O Level 27 Stealth
 O Level 27 Unarmed Combat
 O Level 27 Spellcasting
 O Level 27 Invocations


You had 80 spell levels left.
You didn't know any spells.

Dungeon Overview and Level Annotations

Branches:
Dungeon (1/1)

Altars:
Makhleb


Innate Abilities, Weirdness & Mutations

You have a pair of large antennae on your head. (SInv)
You are completely covered in slimy green scales. (AC +4, rPois)
Your flesh is cold resistant. (rC+)
A meltable icy envelope protects you from harm. (AC +0)
You resist negative energy. (rN+)
You are completely covered in sharp spines.
You are somewhat able to resist unholy torments (1 in 2 success).
Your melee attacks may debilitate your foes.
You are immune to freezing clouds.


Message History

Makhleb accepts your kill.
You hear a shout! x9
A destroyer comes into view.
It is wielding a +9 great sword of slicing.
Unknown command.
Unknown command.
Unknown command.
Unknown command.
A destroyer comes into view.
It is wielding a +9 great sword of slicing.
The meat berserker rages.
You hear a shout! x4
The large abomination is struck by your spines.
The large abomination completely misses you.
You hear a shout!
The meat berserker is struck by your spines.
The meat berserker hits you with a +9 battleaxe!!!
The destroyer shouts! x2
The destroyer blinks!
The sculptor of flesh hits you with a +9 great sword!!!!!
Ouch! That really hurt!
You die...

## .... .. #..
....##.# ...
..........
..####..V..##.#
#..............
#.........V#.#
#.........V... ..
#X.)zx.........
......#o@X..§.......
.....xoOO...........
#....Oo.o..)........
.#.o..D...#.......#
....#oo.x.#o......#
.#.§.o..###{o§....###.
......X..{§)###......
...#O...§X{x_.......
o#.....{o#o)%%.#....


You could see an eight-headed meat hydra, 3 destroyers, a sculptor of flesh, a
large bag of meat (inner flame), 3 large abominations, 3 meat berserkers, 2
small abominations, 10 bags of meat and a crawling corpse.

Vanquished Creatures
  9 vampire knights (D)
  17 ogres (D)
  2 two-headed ogres (D)
  A hydra (D)
  26 orcs (D)
  A skeletal warrior (D)
  3 crawling corpses (D)
59 creatures vanquished.

Notes
Turn   | Place    | Note
-------+----------+-------------------------------------------
     0 | D        | JustSomeDude the Demonspawn Gladiator began the quest for the Orb.
     0 | D        | Reached XP level 1. HP: 16/16 MP: 1/1
     3 | D        | Noticed a bag of meat
     4 | D        | Became a worshipper of Makhleb the Destroyer
     5 | D        | Noticed a bag of meat
     6 | D        | Noticed a meat berserker
     6 | D        | Killed a bag of meat
     6 | D        | Reached skill level 10 in Fighting
     6 | D        | Gained mutation: You have a pair of small antennae on your head. [demonic ancestry]
     6 | D        | Reached XP level 2. HP: 36/36 MP: 2/2
     6 | D        | Gained mutation: You are partially covered in sharp spines. [demonic ancestry]
     6 | D        | Reached XP level 3. HP: 42/42 MP: 3/3
     6 | D        | Reached XP level 4. HP: 49/49 MP: 4/4
     6 | D        | Reached XP level 5. HP: 54/54 MP: 5/5
     6 | D        | Reached XP level 6. HP: 61/61 MP: 6/6
     6 | D        | Gained mutation: Your flesh is cold resistant. (rC+) [demonic ancestry]
     6 | D        | Reached XP level 7. HP: 67/67 MP: 7/7
     6 | D        | Gained mutation: You have a pair of antennae on your head. [demonic ancestry]
     6 | D        | Reached XP level 8. HP: 74/74 MP: 8/8
     6 | D        | Gained mutation: You have a pair of large antennae on your head. (SInv) [demonic ancestry]
     6 | D        | Reached XP level 9. HP: 79/79 MP: 9/9
     6 | D        | Reached XP level 10. HP: 86/86 MP: 10/10
     6 | D        | Reached XP level 11. HP: 92/92 MP: 11/11
     7 | D        | Killed a meat berserker
     7 | D        | Reached * piety under Makhleb
     7 | D        | Reached XP level 12. HP: 105/105 MP: 12/12
     7 | D        | Reached XP level 13. HP: 111/111 MP: 13/13
     8 | D        | Noticed a bag of meat
     8 | D        | Noticed a meat berserker
     9 | D        | Noticed a bag of meat
     9 | D        | Noticed a bag of meat
     9 | D        | Killed a meat berserker
     9 | D        | Reached skill level 15 in Fighting
     9 | D        | Gained mutation: You are partially covered in slimy green scales. (AC +2) [demonic ancestry]
     9 | D        | Reached XP level 14. HP: 123/123 MP: 14/14
    10 | D        | Noticed a bag of meat
    10 | D        | Killed a bag of meat
    10 | D        | Reached XP level 15. HP: 130/130 MP: 15/15
    12 | D        | Noticed a meat berserker
    14 | D        | Noticed a meat berserker
    15 | D        | Noticed a large bag of meat
    15 | D        | Reached ** piety under Makhleb
    16 | D        | Noticed a meat berserker
    16 | D        | Noticed a meat berserker
    16 | D        | Reached skill level 15 in Throwing
    16 | D        | Gained mutation: You resist negative energy. (rN+) [demonic ancestry]
    16 | D        | Reached XP level 16. HP: 142/142 MP: 16/16
    17 | D        | Noticed a meat berserker
    17 | D        | Noticed a meat berserker
    17 | D        | Noticed a meat berserker
    18 | D        | Killed a meat berserker
    18 | D        | Reached *** piety under Makhleb
    18 | D        | Reached skill level 27 in Axes
    18 | D        | Reached skill level 27 in Dodging
    18 | D        | Gained mutation: You are mostly covered in slimy green scales. (AC +3) [demonic ancestry]
    18 | D        | Reached XP level 17. HP: 160/160 MP: 17/17
    18 | D        | Killed a meat berserker
    19 | D        | Noticed a meat berserker
    19 | D        | Reached **** piety under Makhleb
    19 | D        | Reached skill level 27 in Fighting
    19 | D        | Gained mutation: You are completely covered in slimy green scales. (AC +4, rPois) [demonic ancestry]
    19 | D        | Reached XP level 18. HP: 182/182 MP: 18/18
    20 | D        | Killed a meat berserker
    20 | D        | Reached skill level 27 in Throwing
    20 | D        | Killed a meat berserker
    20 | D        | Reached ***** piety under Makhleb
    20 | D        | Gained mutation: You are immune to freezing clouds. [demonic ancestry]
    20 | D        | Reached XP level 19. HP: 189/189 MP: 18/31
    20 | D        | Noticed a destroyer
    21 | D        | Killed a meat berserker
    23 | D        | Killed a meat berserker
    23 | D        | Reached skill level 15 in Armour
    23 | D        | Reached skill level 15 in Unarmed Combat
    23 | D        | Reached skill level 15 in Spellcasting
    23 | D        | Reached XP level 20. HP: 197/197 MP: 18/39
    23 | D        | Killed a meat berserker
    24 | D        | Noticed a large bag of meat
    25 | D        | Killed a meat berserker
    25 | D        | Gained mutation: A meltable icy envelope protects you from harm. (AC +0) [demonic ancestry]
    25 | D        | Reached XP level 21. HP: 204/204 MP: 19/45
    26 | D        | Reached ****** piety under Makhleb
    26 | D        | Reached skill level 27 in Invocations
    27 | D        | Noticed a destroyer
    27 | D        | Killed a destroyer
    28 | D        | Killed a large bag of meat
    28 | D        | Gained mutation: You are somewhat able to resist unholy torments (1 in 2 success). [demonic ancestry]
    28 | D        | Reached XP level 22. HP: 212/212 MP: 19/50
    28 | D        | Reached skill level 27 in Stealth
    29 | D        | Killed a destroyer
    29 | D        | Reached skill level 27 in Armour
    29 | D        | Reached skill level 27 in Unarmed Combat
    29 | D        | Reached skill level 27 in Spellcasting
    30 | D        | Killed a large bag of meat
    30 | D        | Reached XP level 23. HP: 219/219 MP: 20/54
    36 | D        | Gained mutation: You are mostly covered in sharp spines. [demonic ancestry]
    36 | D        | Reached XP level 24. HP: 227/227 MP: 21/54
    37 | D        | Noticed a destroyer
    37 | D        | Noticed a destroyer
    37 | D        | Noticed a destroyer
    40 | D        | Noticed a destroyer
    40 | D        | Noticed a destroyer
    41 | D        | Noticed a destroyer
    41 | D        | Killed a destroyer
    43 | D        | Noticed a large bag of meat
    44 | D        | Killed a destroyer
    44 | D        | Reached XP level 25. HP: 155/234 MP: 23/54
    45 | D        | Noticed a destroyer
    46 | D        | Noticed a destroyer
    47 | D        | Killed a destroyer
    49 | D        | Killed a destroyer
    49 | D        | Gained mutation: You are completely covered in sharp spines. [demonic ancestry]
    49 | D        | Reached XP level 26. HP: 151/242 MP: 25/54
    50 | D        | Killed a destroyer
    51 | D        | Killed a destroyer
    53 | D        | Killed a destroyer
    53 | D        | Gained mutation: Your melee attacks may debilitate your foes. [demonic ancestry]
    53 | D        | Reached XP level 27. HP: 249/249 MP: 26/54
    54 | D        | Noticed a destroyer
    54 | D        | Noticed a destroyer
    54 | D        | Annihilated by a sculptor of flesh

Skill      XL: |  1  2  3  4  5  6  7  8  9 10 11 12 13 14 15 16 17 18 19 20 21 22 |
---------------+-------------------------------------------------------------------+-----
Fighting       | 10 13 15 17 22 27 | 27.0
Axes           | 16 20 23 24 26 27 | 27.0
Throwing       | 9 11 13 14 15 19 24 27 | 27.0
Dodging        | 16 19 22 25 27 | 27.0
Armour         | 8 15 20 24 27 | 27.0
Stealth        | 9 16 21 26 27 | 27.0
Unarmed Combat | 8 15 20 24 27 | 27.0
Spellcasting   | 8 15 20 24 27 | 27.0
Invocations    | 12 20 26 27 | 27.0

Action                   |  1- 3 |  4- 6 |  7- 9 | 10-12 | 13-15 | 16-18 | 19-21 | 22-24 | 25-27 || total
-------------------------+-------+-------+-------+-------+-------+-------+-------+-------+-------++-------
Melee: Executioner's axe |     1 |       |       |     1 |     4 |     3 |     6 |    11 |     8 ||    34
  Use: Scroll            |       |       |       |       |       |       |       |     1 |       ||     1
       Potion            |       |       |       |       |       |       |       |     1 |       ||     1
Dodge: Dodged            |       |       |       |       |       |     1 |     1 |     1 |     1 ||     4
